 Dungeon Crawl Stone Soup version 0.28.0-47-ge53b351184 (webtiles) character file.

Game seed: 17959993960142382066

34 Walross the Digger (level 3, -5/19 HPs)
             Began as a Gargoyle Earth Elementalist on Apr 25, 2022.
             Killed from afar by Natasha (7 damage)
             ... with a magic dart
             ... on level 2 of the Dungeon on Apr 26, 2022.
             The game lasted 00:19:13 (443 turns).

Walross the Digger (Gargoyle Earth Elementalist)     Turns: 443, Time: 00:19:13

Health: -5/19      AC:  5    Str: 11    XL:     3   Next: 31%
Magic:  0/7        EV: 12    Int: 17    God:
Gold:   38         SH:  0    Dex: 10    Spells: 6/7 levels left

rFire   . . .      SeeInvis .   h - +0 long sword
rCold   . . .      Faith    .   (no shield)
rNeg    + . .      Spirit   .   b - +0 robe
rPois   ∞          Reflect  .   (no helmet)
rElec   +          Harm     .   (no cloak)
rCorr   .          Rampage  .   (no gloves)
Will    .....                   (no boots)
Stlth   ++........              (no amulet)
HPRegen 0.06/turn               (no ring)
MPRegen 0.10/turn               (no ring)

@: slowed, very slow
A: sickness immunity, AC +3, negative energy resistance 1, electricity
resistance, torment resistance 1, petrification resistance
a: no special abilities


You were on level 2 of the Dungeon.
You visited 1 branch of the dungeon, and saw 2 of its levels.

You collected 38 gold pieces.

Inventory:

Hand Weapons
 e - a +0 club
 g - a +0 dagger
 h - a +0 long sword (weapon)
Missiles
 a - 23 bolts
 c - 4 stones
Armour
 b - a +0 robe (worn)
Scrolls
 d - 3 scrolls of identify {unknown}
Potions
 f - a potion of might {unknown}


   Skills:
 + Level 1.9 Dodging
 + Level 2.2 Stealth
 + Level 2.8 Spellcasting
 + Level 0.7 Transmutations
 + Level 4.1 Earth Magic


You had 6 spell levels left.
You knew the following spells:

 Your Spells              Type           Power      Damage    Failure   Level
a - Sandblast             Erth           32%        2d9       3%          1

Your spell library contained the following spells:

 Spells                   Type           Power      Damage    Failure   Level
 Passwall                 Tmut/Erth      8%         N/A       10%         2
 Stone Arrow              Conj/Erth      18%        3d8       22%         3
 Petrify                  Tmut/Erth      10%        N/A       54%         4


Dungeon Overview and Level Annotations

Branches:
Dungeon (2/15)

Altars:

Annotations:
D:2 Natasha


Innate Abilities, Weirdness & Mutations

You are immune to sickness and miasma.
Your stone body is resilient. (AC +3)
You are immune to poison.
You resist negative energy. (rN+)
You are resistant to electric shocks. (rElec)
You are resistant to unholy torment.
You are immune to petrification.


Message History

Natasha mumbles some strange words.
The crimson imp grinds its teeth.
The crimson imp blinks!
The shadow imp disappears in a puff of smoke!
The crimson imp closely misses you.
Natasha mumbles some strange words.
Natasha shimmers violently.
The crimson imp blinks!
Natasha barely misses you. Natasha barely misses you. The crimson imp hits you.
* * * LOW HITPOINT WARNING * * *
The crimson imp blinks!
The crimson imp shouts, "Begone, thou churlish mumble-news mule!"
The crimson imp blinks!
Aiming: Sandblast (safe; 3% risk of failure)
Press: ? - help, Q - select action, (/) - cycle Shift-Dir - straight line, f - crimson imp
Aim: a crimson imp (summoned, 69% to hit)
The blast of sand hits the crimson imp!
The crimson imp is severely wounded.
Natasha casts a spell.
The crimson imp shouts, "Give up, thou pottle-deep fob-snatching reprobate!"
The crimson imp hits you but does no damage.
You slash the crimson imp!
You kill the crimson imp!
The crimson imp disappears in a puff of smoke! x2
Natasha misses you. Natasha casts a spell at you.
You feel yourself slow down.
Aiming: Sandblast (safe; 3% risk of failure)
Press: ? - help, Q - select action, (/) - cycle Shift-Dir - straight line, f - white imp
Aim: a white imp (summoned, 79% to hit)
The blast of sand hits the white imp!
The white imp is almost dead.
The white imp gestures at you. The puff of frost hits you.
* * * LOW HITPOINT WARNING * * *
Natasha casts a spell at you. The magic dart hits you!
You die...

###<.....### ...#
###.....# ..#
.........# .#
.###..#..# .#
#..#..##
###.....##
#........######
#.............#
#........5@# .
#......#.#.##...#
#........h........
#......#.###..##..
#......#.# ##...
#......#.. ##
#......##..
#......# ###
########


You could see Natasha and a white imp (summoned).

Vanquished Creatures
  An adder (D:2)
  2 ball pythons (D:1)
  5 endoplasms
  A giant cockroach (D:1)
  2 goblins (D:1)
  4 hobgoblins
  2 quokkas (D:1)
  2 bats (D:2)
  A kobold (D:1)
  A rat (D:1)
21 creatures vanquished.

Notes
Turn   | Place    | Note
-------+----------+-------------------------------------------
     0 | D:1      | Walross the Gargoyle Earth Elementalist began the quest for
                  | the Orb.
     0 | D:1      | Reached XP level 1. HP: 10/10 MP: 3/3
   158 | D:1      | Reached XP level 2. HP: 11/15 MP: 0/5
   361 | D:2      | Reached XP level 3. HP: 19/19 MP: 5/7
   370 | D:2      | Reached skill level 4 in Earth Magic
   389 | D:2      | Noticed Natasha
   443 | D:2      | Killed from afar by Natasha

Illustrated notes

Levels and vault maps discovered:
D:1:      minmay_arrival_nine_rooms, layout_rooms
D:2:      layout_rooms, uniq_natasha, uniq_terence

Skill      XL: |  1  2  3 |
---------------+----------+-----
Earth Magic    | 4 |  4.1
Dodging        | |  1.9
Stealth        | |  2.2
Spellcasting   | |  2.8
Transmutations | |  0.7

Action                   || total
-------------------------++-------
Melee: Club              ||    12
       Unarmed           ||     4
       Long sword        ||     3
 Cast: Sandblast         ||    31
Armor: Robe              ||     5
Dodge: Dodged            ||    27
